 Dungeon Crawl Stone Soup version 0.22.0-49-gab54619 (webtiles) character file.

1259 brik the Chopper (level 8, 0/58 HPs)
             Began as a Formicid Fighter on Sept 5, 2018.
             Was a Believer of the Shining One.
             Slain by an orc warrior
             ... wielding a +0 long sword
              (12 damage)
             ... on level 5 of the Dungeon.
             The game lasted 00:12:13 (6539 turns).

brik the Chopper (Formicid Fighter)                 Turns: 6539, Time: 00:12:13

Health: 0/58       AC:  7    Str: 28    XL:     8   Next: 81%
Magic:  5/8        EV:  9    Int:  8    God:    the Shining One [**....]
Gold:   267        SH: 17    Dex: 10    Spells: 7/7 levels left

rFire    . . .     SeeInvis +   a - +1 war axe
rCold    . . .     Gourm    .   c - +0 shield
rNeg     + . .     Faith    .   b - +0 scale mail
rPois    .         Spirit   .   (helmet unavailable)
rElec    .         Reflect  .   (no cloak)
rCorr    .         Harm     .   (no gloves)
MR       .....                  (no boots)
Stlth    ..........             (no amulet)
HPRegen  0.19/turn              (no ring)
MPRegen  0.11/turn              (no ring)

@: mighty, divine shield, glowing
A: permanent stasis, dig shafts and tunnels, four strong arms, antennae 3
a: Dig, Shaft Self, Divine Shield, Renounce Religion


You were on level 5 of the Dungeon.
You worshipped the Shining One.
The Shining One was pleased with you.
You were not hungry.

You visited 2 branches of the dungeon, and saw 7 of its levels.
You also visited: Ossuary.

You collected 267 gold pieces.

Inventory:

Hand Weapons
 a - a +1 war axe (weapon)
Armour
 b - a +0 scale mail (worn)
 c - a +0 shield (worn)
Wands
 h - a wand of iceblast (16)
 o - a wand of digging (7)
Scrolls
 g - a scroll of magic mapping {unknown}
 j - a scroll of brand weapon {unknown}
 l - a scroll of remove curse
 m - a scroll of random uselessness {unknown}
 q - a scroll of enchant weapon
 r - a scroll of amnesia {unknown}
Potions
 e - 3 potions of curing
 p - 2 potions of brilliance
 s - a potion of flight
 t - a potion of lignification {unknown}
 u - a potion of heal wounds {unknown}
 v - a potion of berserk rage {unknown}
Comestibles
 f - 7 rations


   Skills:
 - Level 3.2 Fighting
 + Level 7.6 Axes
 + Level 6.2 Armour
 + Level 6.8 Shields


You had 7 spell levels left.
You didn't know any spells.
Your spell library contained the following spells:

 Spells                   Type           Power        Failure   Level  Hunger
 Beastly Appendage        Tmut           #.....       80%         1    ##.....
 Sticks to Snakes         Tmut           #.......     91%         2    ###....
 Spider Form              Tmut/Pois      #.........   99%         3    ####...
 Ice Form                 Ice/Tmut       #.......     100%        4    #####..
 Blade Hands              Tmut           #.........   100%        5    ######.


Dungeon Overview and Level Annotations

Branches:
Dungeon (6/15)             Temple (1/1) D:6

Altars:
Elyvilon
Trog
Uskayaw
Wu Jian
The Shining One


Innate Abilities, Weirdness & Mutations

You cannot be hasted, slowed, berserked, paralysed or teleported.
You can dig through walls and to a lower floor.
Your four strong arms can wield two-handed weapons with a shield.
You have a pair of large antennae on your head. (SInv)


Message History

The orc warrior is lightly wounded.
The orc warrior closely misses you. The orc warrior blocks your attack.
The orc warrior is lightly wounded.
You block the orc warrior's attack.
You closely miss the orc warrior.
The orc warrior is lightly wounded.
The orc warrior hits you with a long sword!!
You hit the orc warrior but do no damage.
The orc warrior is lightly wounded.
The orc warrior hits you with a long sword!
* * * LOW HITPOINT WARNING * * *
Your shield is strengthened by the Shining One's divine power.
You feel slightly more hungry. You block the orc warrior's attack.
You feel very mighty all of a sudden. You block the orc warrior's attack.
You slash the orc warrior!
The orc warrior is moderately wounded.
The orc warrior hits you with a long sword!
You die...

#.....#.#.# #..#
#######+#.##### #..#
...#..........# #..#
##.#.....###### #..#
#.#.....'..# #..#
#.#.....##.# ##########..#
#.#.#.#....# #...........#
#.#.#.########.#######...#
#.#.#.#........@.# ##...#
#.#.#.#.######o#.####....##
#.....#.# #.#.P≈...PP≈≈#
###.###.# ###.PP≈PP≈P♣≈≈.#
#.....# ##P≈PP≈≈≈♣♣≈≈≈P.#
#########PPPP≈≈≈♣≈P.PPP##
#≈.P≈♣≈♣≈PPP....#
##.P≈≈≈♣♣PP..###.######
#.≈≈≈♣♣♣PP.P...#......#


You could see an orc warrior.

Vanquished Creatures
  An ice beast (D:5)
  3 phantoms (D:4)
  An ogre (D:5)
  Blork the orc (D:6)
  A scorpion (D:5)
  2 howler monkeys (D:5)
  A hound (D:6)
  2 human zombies (Ossuary)
  A jelly (D:6)
  An orc priest (D:6)
  Ijyb (D:5)
  2 iguanas
  2 orc wizards
  4 worker ants
  3 mummies (Ossuary)
  9 adders
  An ooze (D:1)
  2 adder zombies (Ossuary)
  A dart slug (D:1)
  6 leopard geckos
  12 orcs
  3 ball pythons
  4 giant cockroaches
  13 goblins
  11 hobgoblins
  3 jackals (D:4)
  A quokka (D:3)
  9 bats
  2 frilled lizards
  3 goblin zombies (Ossuary)
  3 hobgoblin zombies (Ossuary)
  A jackal skeleton (D:4)
  16 kobolds
  A kobold zombie (Ossuary)
  2 quokka skeletons (D:5)
  4 quokka zombies (Ossuary)
  6 rats
  3 rat zombies (Ossuary)
  A plant (D:5)
143 creatures vanquished.

Notes
Turn   | Place    | Note
-------+----------+-------------------------------------------
     0 | D:1      | brik the Formicid Fighter began the quest for the Orb.
     0 | D:1      | Reached XP level 1. HP: 18/18 MP: 1/1
    48 | D:1      | Reached XP level 2. HP: 19/24 MP: 2/2
   209 | D:1      | Reached skill level 3 in Axes
   318 | D:1      | Reached XP level 3. HP: 15/29 MP: 3/3
  1021 | D:2      | Reached skill level 4 in Axes
  1021 | D:2      | Reached XP level 4. HP: 35/35 MP: 4/4
  1194 | D:2      | Found a white marble altar of Elyvilon.
  1659 | D:3      | Found a bloodstained altar of Trog.
  1706 | D:3      | Reached XP level 5. HP: 41/41 MP: 5/5
  1826 | D:3      | Reached skill level 5 in Axes
  2798 | D:4      | Noticed a phantom
  2819 | D:4      | Noticed a phantom
  2919 | D:4      | Noticed a phantom
  3416 | D:4      | Reached XP level 6. HP: 27/47 MP: 6/6
  3560 | D:4      | Found an ornate altar of the Wu Jian Council.
  3782 | D:4      | Reached skill level 6 in Axes
  3833 | D:4      | Killed a phantom
  3876 | D:4      | Killed a phantom
  3876 | D:4      | Reached XP level 7. HP: 29/52 MP: 7/7
  4297 | D:4      | Reached skill level 5 in Shields
  4513 | D:5      | Entered Level 5 of the Dungeon
  4862 | D:5      | Reached skill level 5 in Armour
  4863 | D:5      | Reached XP level 8. HP: 55/58 MP: 8/8
  5018 | D:5      | Reached skill level 7 in Axes
  5374 | D:5      | Noticed Ijyb
  5385 | D:5      | Killed Ijyb
  5637 | D:6      | Found a staircase to the Ecumenical Temple.
  5683 | Temple   | Entered the Ecumenical Temple
  5719 | Temple   | Became a worshipper of the Shining One
  5736 | D:6      | Noticed Blork the orc
  5743 | D:6      | Killed Blork the orc
  5756 | D:6      | Found a sand-covered staircase.
  5761 | Ossuary  | Entered an ossuary
  5980 | Ossuary  | Reached * piety under the Shining One
  6120 | Ossuary  | Reached ** piety under the Shining One
  6539 | D:5      | Slain by an orc warrior

Skill      XL: |  1  2  3  4  5  6  7  8 |
---------------+-------------------------+-----
Axes           | 3 4 5 6 7 |  7.6
Shields        | 4 5 6 |  6.8
Armour         | 4 5 6 |  6.2
Fighting       | |  3.2

Action                   |  1- 3 |  4- 6 |  7- 9 || total
-------------------------+-------+-------+-------++-------
Melee: War axe           |    94 |   218 |   208 ||   520
Throw: Tomahawk          |       |       |     4 ||     4
Invok: Divine Shield     |       |       |     1 ||     1
 Abil: Dig               |       |       |     3 ||     3
Evoke: Wand              |       |       |     1 ||     1
  Use: Scroll            |       |     6 |     5 ||    11
       Potion            |       |       |     1 ||     1
  Eat: Chunk             |     1 |     6 |     3 ||    10
       Ration            |       |     1 |     2 ||     3
Armor: Scale mail        |    39 |    87 |    55 ||   181
Dodge: Dodged            |    35 |    59 |    57 ||   151
Block: Shield            |    65 |   115 |    85 ||   265
